 Dungeon Crawl Stone Soup version 0.31-a0-819-gf6de2f5ab6 (webtiles) character file.

Game seed: 16403018232536076518

72 qw the Shooter (level 4, -4/28 HPs)
             Began as a Gargoyle Hunter on Sept 23, 2023.
             Slain by Terence
             ... wielding a +1 flail of protection
              (8 damage)
             ... on level 2 of the Dungeon.
             The game lasted 00:00:31 (1148 turns).

qw the Shooter (Gargoyle Hunter)                    Turns: 1148, Time: 00:00:31

Health: -4/28      AC:  8    Str: 14    XL:     4   Next: 25%
Magic:  4/4        EV: 10    Int: 10    God:
Gold:   86         SH:  0    Dex: 15    Spells: 3/3 levels left

rFire   . . .        Y - +0 shortbow
rCold   . . .        (shield currently unavailable)
rNeg    + . .        f - +0 ring mail
rPois   inf          (no helmet)
rElec   +            (no cloak)
rCorr   .            (no gloves)
SInv    .            (no boots)
Will    .....        (no amulet)
Stlth   +            (no ring)
HPRegen 0.24/turn    (no ring)
MPRegen 0.09/turn

%: no passive effects
@: no status effects
A: sickness immunity, AC +3, negative energy resistance 1, electricity
resistance, torment resistance 1, petrification resistance
a: no special abilities


You were on level 2 of the Dungeon.
You visited 1 branch of the dungeon, and saw 2 of its levels.

You collected 86 gold pieces.


Innate Abilities, Weirdness & Mutations

You are immune to sickness and miasma.
Your stone body is resilient. (AC +3)
You are immune to poison.
You resist negative energy. (rN+)
You are resistant to electric shocks. (rElec)
You are resistant to unholy torment.
You are immune to petrification.


   Skills:
 - Level 3.0 Fighting
 + Level 5.1 Ranged Weapons
 - Level 1.2 Armour
 - Level 1.5 Dodging
 - Level 1.1 Stealth


You had 3 spell levels left.
You didn't know any spells.
Your spell library was empty.

Inventory:

Hand Weapons
 Y - a +0 shortbow (weapon)
Armour
 c - a +0 pair of gloves
 f - a +0 ring mail (worn)
Jewellery
 a - a ring of willpower
Scrolls
 b - a scroll of noise {unknown}
 g - a scroll of identify
Potions
 d - a potion of resistance {unknown}
 e - a potion of haste {unknown}
 k - a potion of might {unknown}
 l - a potion of ambrosia {unknown}

Dungeon Overview and Level Annotations

Branches:
Dungeon (2/15)

Altars:

Annotations:
D:2 Terence


Message History

Terence is moderately wounded.
Terence hits you but does no damage.
Terence hits you with a +1 flail of protection.
You shoot an arrow.
The arrow hits Terence but does no damage.
Terence is moderately wounded.
Terence hits you but does no damage.
You shoot an arrow.
The arrow hits Terence but does no damage.
Terence is moderately wounded.
Terence hits you with a +1 flail of protection.
You shoot an arrow. The arrow hits Terence.
Terence is moderately wounded.
Terence hits you with a +1 flail of protection.
You shoot an arrow. The arrow barely misses Terence.
Terence barely misses you.
You shoot an arrow.
The arrow hits Terence but does no damage.
Terence is moderately wounded.
Terence hits you with a +1 flail of protection.
Terence shouts, "Now you die!" Terence barely misses you.
You shoot an arrow.
The arrow hits Terence but does no damage.
Terence is moderately wounded.
Terence hits you with a +1 flail of protection!
You shoot an arrow. The arrow barely misses Terence.
Terence closely misses you.
You shoot an arrow.
The arrow hits Terence but does no damage.
Terence is moderately wounded.
Terence hits you but does no damage.
You shoot an arrow. The arrow barely misses Terence.
Terence hits you but does no damage. Terence closely misses you.
You shoot an arrow. The arrow closely misses Terence.
Terence hits you with a +1 flail of protection.
You shoot an arrow. The arrow hits Terence.
Terence is heavily wounded.
Terence hits you with a +1 flail of protection!
You die...

# ##.# ###..))..#
..#
#.####.%....###
#.####...#..####.#
............# #.#
#.#########.## #.#
#..###.# ##..##.#
##.##.# #...@#
####@# #..# ).%#
..%. ......
....... .........


You could see Terence.

Vanquished Creatures
  4 adders (D:2)
  A dart slug (D:2)
  An orc (D:2)
  A ball python (D:1)
  2 endoplasms (D:1)
  7 goblins
  5 hobgoblins
  2 jackals (D:2)
  3 frilled lizards (D:1)
  3 kobolds (D:2)
  3 rats
32 creatures vanquished.

Notes
Turn   | Place    | Note
-------+----------+-------------------------------------------
     0 | D:1      | qw the Gargoyle Hunter began the quest for the Orb.
     0 | D:1      | Reached XP level 1. HP: 12/12 MP: 1/1
     0 | D:1      | 0 ||| qw: Version: 0.3-a-83-gcd0e7d8
     0 | D:1      | 0 ||| qw: Game counter: 1679
     0 | D:1      | 0 ||| qw: Melee chars always use a shield: true
     0 | D:1      | 0 ||| qw: God list: Okawaru
     0 | D:1      | 0 ||| qw: Allow faded altars: false
     0 | D:1      | 0 ||| qw: Do Orc after clearing Dungeon:15 true
     0 | D:1      | 0 ||| qw: Do second Lair branch before Depths: true
     0 | D:1      | 0 ||| qw: Lair rune preference: random
     0 | D:1      | 0 ||| qw: Goals: Normal
     0 | D:1      | 0 ||| PLANNING D:1-11
   381 | D:1      | Reached XP level 2. HP: 17/17 MP: 2/2
   748 | D:1      | 748 ||| UPGRADING to +0 ring mail.
   758 | D:1      | 758 ||| DROPPING +0 leather armour.
   759 | D:1      | 759 ||| READING scroll labelled XOMOEZEHAI.
   760 | D:1      | 760 ||| READING scroll labelled CEEMOA NUTOUHA.
   761 | D:1      | 761 ||| READING scroll labelled XACUHIVUEPT.
   762 | D:1      | 762 ||| READING scroll labelled JIBRIO PIUR.
   763 | D:1      | 763 ||| DROPPING scroll of butterflies.
   810 | D:2      | Reached skill level 1 in Armour
   810 | D:2      | Reached XP level 3. HP: 15/21 MP: 3/3
   896 | D:2      | 896 ||| FLEEEEING.
   897 | D:2      | 897 ||| FLEEEEING.
   898 | D:2      | 898 ||| FLEEEEING.
   899 | D:2      | 899 ||| FLEEEEING.
   941 | D:2      | Reached skill level 5 in Ranged Weapons
  1022 | D:2      | Reached XP level 4. HP: 17/27 MP: 4/4
  1126 | D:2      | Noticed Terence
  1133 | D:2      | Reached skill level 3 in Fighting
  1143 | D:2      | HP: 4/28 [Terence/+1 flail of protection (7)]
  1148 | D:2      | Slain by Terence

Levels and vault maps discovered:
D:1:      scummos_arrival_simple_crosswalls, layout_loops_ring, minmay_cupped
D:2:      layout_rooms, uniq_terence

Skill      XL: |  1  2  3  4 |
---------------+-------------+-----
Armour         | 1 |  1.2
Ranged Weapons | 5 |  5.1
Fighting       | 3 |  3.0
Dodging        | |  1.5
Stealth        | |  1.1

Action                     |  1- 3 |  4- 6 || total
---------------------------+-------+-------++-------
   Fire: Shortbow          |   107 |    33 ||   140
    Use: Scroll            |     4 |       ||     4
 Armour: Leather armour    |    14 |       ||    14
         Ring mail         |    51 |    15 ||    66
  Dodge: Dodged            |    57 |    11 ||    68

Table legend:
 A = Non-vault XP
 B = Vault XP
 C = Vault XP percentage of total XP
 D = Non-vault monster count
 E = Vault monster count
 F = Vault count percentage of total count
                 A         B        C        D         E       F
            +---------+---------+-------+---------+---------+-------
      Total |      95 |       8 |   7.8 |      28 |       4 |  12.5
            +---------+---------+-------+---------+---------+-------
        D:1 |      14 |       8 |  36.4 |       9 |       4 |  30.8
        D:2 |      81 |       0 |   0.0 |      19 |       0 |   0.0
            +---------+---------+-------+---------+---------+-------
